| TOP OF THE 1ST |
|
West Michigan Whitecaps batting - Pitching for Cedar Rapids Kernels : RHP Scot Abbott
|
|
Pitching: RHP Scot Abbott
|
|
|
Batting: LHB Timotheus Young
|
0-0: Called Strike 0-1: Called Strike 0-2: Ball 1-2: Fly out, F8 (Line Drive, 8RM, EV 98.1 MPH)
|
|
Batting: RHB Yankel Pensak
|
0-0: Called Strike 0-1: Swinging Strike 0-2: Foul Ball, location: 2F 0-2: Foul Ball, location: 2F 0-2: Strikes out swinging
|
|
Batting: RHB Eric Angelle
|
0-0: Called Strike 0-1: Swinging Strike 0-2: Strikes out swinging
|
| Top of the 1st over - 0 runs, 0 hits, 0 errors, 0 left on base; West Michigan 0 - Cedar Rapids 0 |
| BOTTOM OF THE 1ST |
|
Cedar Rapids Kernels batting - Pitching for West Michigan Whitecaps : RHP Chris Wilkerson
|
|
Pitching: RHP Chris Wilkerson
|
|
|
Batting: RHB Tim Carter
|
0-0: Ball 1-0: Foul Ball, location: 2F 1-1: Ball 2-1: Called Strike 2-2: Ball 3-2: Fly out, F8 (Flyball, 78M, EV 81.2 MPH)
|
|
Batting: RHB Kevin Harris
|
0-0: Ball 1-0: Called Strike 1-1: Ball 2-1: Foul Ball, location: 2F 2-2: Strikes out looking
|
|
Batting: LHB Tomas Espino
|
0-0: Ball 1-0: Foul Ball, location: 2F 1-1: TRIPLE (Flyball, 78XD, EV 105.6 MPH)
|
|
Batting: RHB Mike Buchanan
|
0-0: Ball 1-0: Ball 2-0: Called Strike 2-1: Hit by Pitch
|
|
Batting: RHB Nick Phipps
|
0-0: Called Strike 0-1: Ball 1-1: Swinging Strike 1-2: Foul Ball, location: 2F 1-2: Strikes out swinging
|
| Bottom of the 1st over - 0 runs, 1 hit, 0 errors, 2 left on base; West Michigan 0 - Cedar Rapids 0 |
| TOP OF THE 2ND |
|
West Michigan Whitecaps batting - Pitching for Cedar Rapids Kernels : RHP Scot Abbott
|
|
Batting: LHB George Moran
|
0-0: Called Strike 0-1: Foul Ball, location: 2F 0-2: Foul Ball, location: 2F 0-2: Foul Ball, location: 2F 0-2: Ball 1-2: Ball 2-2: Ball 3-2: Fly out, F8 (Flyball, 8RXD, EV 100.0 MPH)
|
|
Batting: RHB Aaron Cusick
|
0-0: Foul Ball, location: 2F 0-1: Foul Ball, location: 2F 0-2: Ball 1-2: Foul Ball, location: 2F 1-2: SINGLE (Groundball, 6MD, EV 94.4 MPH)
|
|
Batting: RHB Jaden Warrior
|
0-0: Called Strike 0-1: Foul Ball, location: 2F 0-2: Foul Ball, location: 2F 0-2: Ball Aaron Cusick is caught stealing 2nd base 2-4 1-2: Ball 2-2: Fly out, F9 (Flyball, 9LM, EV 96.9 MPH)
|
| Top of the 2nd over - 0 runs, 1 hit, 0 errors, 0 left on base; West Michigan 0 - Cedar Rapids 0 |
| BOTTOM OF THE 2ND |
|
Cedar Rapids Kernels batting - Pitching for West Michigan Whitecaps : RHP Chris Wilkerson
|
|
Batting: RHB Ruben Serrata
|
0-0: SINGLE (Groundball, 6MS, EV 68.8 MPH) (infield hit)
|
|
Batting: RHB Jose Gracia
|
0-0: Ball Ruben Serrata steals 2nd base 1-0: Ground out 5-3 (Groundball, 56S, EV 85.6 MPH)
|
|
Batting: RHB Jeremy Witt
|
0-0: Fly out, F8 (Flyball, 8LS, EV 83.8 MPH)
|
|
Batting: RHB Ratko Macura
|
0-0: Ball 1-0: Ground out 4-3 (Groundball, 4, EV 107.5 MPH)
|
| Bottom of the 2nd over - 0 runs, 1 hit, 0 errors, 1 left on base; West Michigan 0 - Cedar Rapids 0 |
| TOP OF THE 3RD |
|
West Michigan Whitecaps batting - Pitching for Cedar Rapids Kernels : RHP Scot Abbott
|
|
Batting: RHB Juan Acero
|
0-0: Called Strike 0-1: Ball 1-1: Ball 2-1: Ball 3-1: Called Strike 3-2: Fly out, F8 (Flyball, 8RM, EV 80.0 MPH)
|
|
Batting: SHB Ian Arlotta
|
0-0: Ball 1-0: Called Strike 1-1: Foul Ball, location: 2F 1-2: Ground out U3 (Groundball, 3, EV 101.2 MPH)
|
|
Batting: RHB Jordan Hall
|
0-0: Called Strike 0-1: Foul Ball, location: 2F 0-2: Ball 1-2: Ball 2-2: Ball 3-2: Base on Balls
|
|
Batting: LHB Timotheus Young
|
0-0: Fly out, F4 (Flyball, 34D, EV 89.4 MPH)
|
| Top of the 3rd over - 0 runs, 0 hits, 0 errors, 1 left on base; West Michigan 0 - Cedar Rapids 0 |
| BOTTOM OF THE 3RD |
|
Cedar Rapids Kernels batting - Pitching for West Michigan Whitecaps : RHP Chris Wilkerson
|
|
Batting: RHB Tim Carter
|
0-0: Ball 1-0: Ball 2-0: Ball 3-0: Base on Balls
|
|
Batting: RHB Kevin Harris
|
0-0: Ball 1-0: Foul Ball, location: 2F 1-1: Called Strike 1-2: Foul Ball, location: 2F 1-2: Ball Wild Pitch! Tim Carter to second 2-2: Strikes out looking
|
|
Batting: LHB Tomas Espino
|
0-0: Called Strike 0-1: Called Strike 0-2: Strikes out swinging
|
|
Batting: RHB Mike Buchanan
|
0-0: SINGLE (Flyball, 6D, EV 86.2 MPH) Tim Carter to third
|
|
Batting: RHB Nick Phipps
|
0-0: Called Strike 0-1: Ball 1-1: Called Strike 1-2: Ball 2-2: DOUBLE (Line Drive, 78XD, EV 104.4 MPH) Tim Carter scores Mike Buchanan to third
|
|
Batting: RHB Ruben Serrata
|
0-0: Ball 1-0: Called Strike 1-1: Ball 2-1: Ball Wild Pitch! Mike Buchanan scores Nick Phipps to third 3-1: Called Strike 3-2: Foul Ball, location: 2F 3-2: Strikes out swinging
|
| Bottom of the 3rd over - 2 runs, 2 hits, 0 errors, 1 left on base; West Michigan 0 - Cedar Rapids 2 |
| TOP OF THE 4TH |
|
West Michigan Whitecaps batting - Pitching for Cedar Rapids Kernels : RHP Scot Abbott
|
|
Batting: RHB Yankel Pensak
|
0-0: Ball 1-0: Foul Ball, location: 2F 1-1: Ball 2-1: Foul Ball, location: 2F 2-2: Foul Ball, location: 2F 2-2: TRIPLE (Flyball, 89XD, EV 110.0 MPH)
|
|
Batting: RHB Eric Angelle
|
0-0: Ball 1-0: Called Strike 1-1: Fly out, F2 (Popup, 25F, EV 77.5 MPH)
|
|
Batting: LHB George Moran
|
0-0: Called Strike 0-1: Ball 1-1: Swinging Strike 1-2: Strikes out swinging
|
|
Batting: RHB Aaron Cusick
|
0-0: Foul Ball, location: 2F 0-1: Swinging Strike 0-2: Fly out, F8 (Flyball, 8LD, EV 92.5 MPH)
|
| Top of the 4th over - 0 runs, 1 hit, 0 errors, 1 left on base; West Michigan 0 - Cedar Rapids 2 |
| BOTTOM OF THE 4TH |
|
Cedar Rapids Kernels batting - Pitching for West Michigan Whitecaps : RHP Chris Wilkerson
|
|
Batting: RHB Jose Gracia
|
0-0: Foul Ball, location: 2F 0-1: Foul Ball, location: 2F 0-2: Strikes out swinging
|
|
Batting: RHB Jeremy Witt
|
0-0: Called Strike 0-1: Called Strike 0-2: Ground out U3 (Groundball, 34, EV 80.0 MPH)
|
|
Batting: RHB Ratko Macura
|
0-0: Ball 1-0: DOUBLE (Line Drive, 9LD, EV 106.9 MPH)
|
|
Batting: RHB Tim Carter
|
0-0: Called Strike 0-1: Called Strike 0-2: DOUBLE (Line Drive, 7LM, EV 109.4 MPH) Ratko Macura scores
|
|
Batting: RHB Kevin Harris
|
0-0: Foul Ball, location: 2F 0-1: Swinging Strike 0-2: Ball 1-2: Ball 2-2: Fly out, F7 (Line Drive, 7LS, EV 98.8 MPH)
|
| Bottom of the 4th over - 1 run, 2 hits, 0 errors, 1 left on base; West Michigan 0 - Cedar Rapids 3 |
| TOP OF THE 5TH |
|
West Michigan Whitecaps batting - Pitching for Cedar Rapids Kernels : RHP Scot Abbott
|
|
Batting: RHB Jaden Warrior
|
0-0: Called Strike 0-1: Called Strike 0-2: Ball 1-2: Fly out, F9 (Flyball, 9LS, EV 95.6 MPH)
|
|
Batting: RHB Juan Acero
|
0-0: Ball 1-0: Swinging Strike 1-1: Swinging Strike 1-2: Strikes out looking
|
|
Batting: SHB Ian Arlotta
|
0-0: Ball 1-0: Called Strike 1-1: Ball 2-1: SINGLE (Groundball, 56, EV 100.6 MPH)
|
|
Batting: RHB Jordan Hall
|
0-0: Called Strike 0-1: Hit by Pitch Ian Arlotta to second
|
|
Batting: LHB Timotheus Young
|
0-0: Ball 1-0: Ball Wild Pitch! Ian Arlotta to third Jordan Hall to second 2-0: Foul Ball, location: 2F 2-1: Ball 3-1: Called Strike 3-2: Strikes out looking
|
| Top of the 5th over - 0 runs, 1 hit, 0 errors, 2 left on base; West Michigan 0 - Cedar Rapids 3 |
| BOTTOM OF THE 5TH |
|
Cedar Rapids Kernels batting - Pitching for West Michigan Whitecaps : RHP Chris Wilkerson
|
|
Batting: LHB Tomas Espino
|
0-0: Foul Ball, location: 2F 0-1: SINGLE (Line Drive, 8LS, EV 105.6 MPH)
|
|
Batting: RHB Mike Buchanan
|
0-0: Fly out, F8 (Flyball, 8LXD, EV 104.4 MPH)
|
|
Batting: RHB Nick Phipps
|
0-0: Called Strike 0-1: Called Strike Tomas Espino steals 2nd base 0-2: Ball Wild Pitch! Tomas Espino to third 1-2: Ball 2-2: Ball 3-2: Foul Ball, location: 2F 3-2: Strikes out swinging
|
|
Batting: RHB Ruben Serrata
|
0-0: Called Strike 0-1: Ground out 5-3 (Groundball, 56, EV 109.4 MPH)
|
| Bottom of the 5th over - 0 runs, 1 hit, 0 errors, 1 left on base; West Michigan 0 - Cedar Rapids 3 |
| TOP OF THE 6TH |
|
West Michigan Whitecaps batting - Pitching for Cedar Rapids Kernels : RHP Scot Abbott
|
|
Pitching: RHP Danny Lucero
|
|
|
Batting: RHB Yankel Pensak
|
0-0: Ball 1-0: Ball 2-0: Foul Ball, location: 2F 2-1: Swinging Strike 2-2: Strikes out swinging
|
|
Batting: RHB Eric Angelle
|
0-0: Ball 1-0: Ball 2-0: Foul Ball, location: 2F 2-1: Foul Ball, location: 2F 2-2: Ball 3-2: Base on Balls
|
|
Batting: LHB George Moran
|
0-0: Called Strike Eric Angelle steals 2nd base 0-1: Foul Ball, location: 2F 0-2: Ball 1-2: Ball Wild Pitch! Eric Angelle to third 2-2: Foul Ball, location: 2F 2-2: Fly out, F6 (Line Drive, 6, EV 69.4 MPH)
|
|
Pitching: RHP Dean Huch
|
|
|
Batting: RHB Aaron Cusick
|
0-0: Fly out, F9 (Line Drive, 89S, EV 99.4 MPH)
|
| Top of the 6th over - 0 runs, 0 hits, 0 errors, 1 left on base; West Michigan 0 - Cedar Rapids 3 |
| BOTTOM OF THE 6TH |
|
Cedar Rapids Kernels batting - Pitching for West Michigan Whitecaps : RHP Chris Wilkerson
|
|
Batting: RHB Jose Gracia
|
0-0: Ball 1-0: Ball 2-0: Ball 3-0: Called Strike 3-1: Base on Balls
|
|
Pitching: RHP Juan Cornejo
|
|
|
Batting: RHB Jeremy Witt
|
0-0: Ball Passed Ball! Jose Gracia to second 1-0: Foul Ball, location: 2F 1-1: Swinging Strike 1-2: Strikes out swinging
|
|
Batting: RHB Ratko Macura
|
0-0: Ball 1-0: Foul Ball, location: 2F 1-1: Ball 2-1: Foul Ball, location: 2F 2-2: Strikes out swinging
|
|
Batting: RHB Tim Carter
|
0-0: Ball 1-0: Fly out, F6 (Line Drive, 6MD, EV 63.1 MPH)
|
| Bottom of the 6th over - 0 runs, 0 hits, 0 errors, 1 left on base; West Michigan 0 - Cedar Rapids 3 |
| TOP OF THE 7TH |
|
West Michigan Whitecaps batting - Pitching for Cedar Rapids Kernels : RHP Dean Huch
|
|
Batting: RHB Jaden Warrior
|
0-0: Ball 1-0: Ball 2-0: Foul Ball, location: 2F 2-1: Ball 3-1: Swinging Strike 3-2: Foul Ball, location: 2F 3-2: Ground out 4-3 (Groundball, 34, EV 80.0 MPH)
|
|
Batting: RHB Juan Acero
|
0-0: Ball 1-0: Called Strike 1-1: Called Strike 1-2: Foul Ball, location: 2F 1-2: DOUBLE (Line Drive, 9LD, EV 102.5 MPH)
|
|
Batting: SHB Ian Arlotta
|
0-0: Ball 1-0: Called Strike 1-1: Ball 2-1: Foul Ball, location: 2F 2-2: Foul Ball, location: 2F 2-2: SINGLE (Groundball, 6D, EV 98.8 MPH) Juan Acero to third
|
|
Pinch Hitting: SHB Sean Foley
|
0-0: Called Strike 0-1: Called Strike 0-2: Foul Ball, location: 2F 0-2: Strikes out swinging
|
|
Batting: LHB Timotheus Young
|
0-0: DOUBLE (Line Drive, 7LM, EV 98.8 MPH) Juan Acero scores Ian Arlotta to third Runner from 3rd tries for Home, SAFE, throw by LF to home
|
|
Batting: RHB Yankel Pensak
|
0-0: Foul Ball, location: 2F 0-1: Swinging Strike 0-2: Foul Ball, location: 2F 0-2: Foul Ball, location: 2F 0-2: Foul Ball, location: 2F 0-2: Ball 1-2: Foul Ball, location: 2F 1-2: Ball 2-2: Strikes out looking
|
| Top of the 7th over - 2 runs, 3 hits, 0 errors, 1 left on base; West Michigan 2 - Cedar Rapids 3 |
| BOTTOM OF THE 7TH |
|
Cedar Rapids Kernels batting - Pitching for West Michigan Whitecaps : RHP Juan Cornejo
|
|
Now at 2B: Sean Foley
|
|
|
Now at 3B: Yankel Pensak
|
|
|
Batting: RHB Kevin Harris
|
0-0: Called Strike 0-1: Swinging Strike 0-2: Ball 1-2: Ball 2-2: Ball 3-2: Strikes out swinging
|
|
Batting: LHB Tomas Espino
|
0-0: Called Strike 0-1: SINGLE (Flyball, 7S, EV 88.8 MPH)
|
|
Batting: RHB Mike Buchanan
|
0-0: 2-RUN HOME RUN (Flyball, 78XD, EV 102.5 MPH), Distance : 411 ft
|
|
Batting: RHB Nick Phipps
|
0-0: Ball 1-0: Ball 2-0: Called Strike 2-1: Foul Ball, location: 2F 2-2: Strikes out swinging
|
|
Batting: RHB Ruben Serrata
|
0-0: Called Strike 0-1: Ball 1-1: Fly out, F8 (Flyball, 8RD, EV 85.0 MPH)
|
| Bottom of the 7th over - 2 runs, 2 hits, 0 errors, 0 left on base; West Michigan 2 - Cedar Rapids 5 |
| TOP OF THE 8TH |
|
West Michigan Whitecaps batting - Pitching for Cedar Rapids Kernels : RHP Dean Huch
|
|
Pitching: RHP Andrew Rich
|
|
|
Batting: RHB Eric Angelle
|
0-0: Ball 1-0: Foul Ball, location: 2F 1-1: Ball 2-1: Fly out, F9 (Flyball, 9, EV 89.4 MPH)
|
|
Batting: LHB George Moran
|
0-0: Called Strike 0-1: Ground out 4-3 (Groundball, 4, EV 96.9 MPH)
|
|
Batting: RHB Aaron Cusick
|
0-0: Ball 1-0: Ball 2-0: Swinging Strike 2-1: Swinging Strike 2-2: Ball 3-2: Ground out 6-3 (Groundball, 6, EV 91.2 MPH)
|
| Top of the 8th over - 0 runs, 0 hits, 0 errors, 0 left on base; West Michigan 2 - Cedar Rapids 5 |
| BOTTOM OF THE 8TH |
|
Cedar Rapids Kernels batting - Pitching for West Michigan Whitecaps : RHP Juan Cornejo
|
|
Pitching: RHP T.J. McCullough
|
|
|
Batting: RHB Jose Gracia
|
0-0: Called Strike 0-1: Fly out, F3 (Popup, 23F, EV 82.5 MPH)
|
|
Batting: RHB Jeremy Witt
|
0-0: Called Strike 0-1: Foul Ball, location: 2F 0-2: Ball 1-2: Strikes out swinging
|
|
Batting: RHB Ratko Macura
|
0-0: Ball 1-0: Called Strike 1-1: Ball 2-1: Foul Ball, location: 2F 2-2: Foul Ball, location: 2F 2-2: Foul Ball, location: 2F 2-2: Strikes out swinging
|
| Bottom of the 8th over - 0 runs, 0 hits, 0 errors, 0 left on base; West Michigan 2 - Cedar Rapids 5 |
| TOP OF THE 9TH |
|
West Michigan Whitecaps batting - Pitching for Cedar Rapids Kernels : RHP Andrew Rich
|
|
Pitching: RHP Steven Legge
|
|
|
Batting: RHB Jaden Warrior
|
0-0: Fly out, F8 (Flyball, 8LM, EV 93.8 MPH)
|
|
Batting: RHB Juan Acero
|
0-0: Foul Ball, location: 2F 0-1: Ball 1-1: Ball 2-1: Ball 3-1: Ground out 4-3 (Groundball, 4MD, EV 94.4 MPH)
|
|
Batting: SHB Ian Arlotta
|
0-0: Called Strike 0-1: Foul Ball, location: 2F 0-2: Ball 1-2: Fly out, F8 (Line Drive, 89S, EV 98.1 MPH)
|
| Top of the 9th over - 0 runs, 0 hits, 0 errors, 0 left on base; West Michigan 2 - Cedar Rapids 5 |
|